AoeStats
← CHACAL

Arabia

510197942Analyzed
2v2 RM · 3d ago on Sep 29, 2026· 52m 8s· 4 players
Game mode
Random Map
Map size
Medium (4 player)
Population
200
Speed
Normal
Resources
Standard
Victory
Conquest
Starting age
Dark Age
Ending age
Imperial Age
RankedLock teamsTeams togetherTeam positionsShared explorationLock speedFull tech treeHidden civsTurbo modeCheats
Victory
Defeat
🇺🇸 Varangians · United States
1080
+9
🇺🇸 Burgundians · United States
692
+25
936
-18
🇨🇱 Mongols · Chile
881
-16
xapyen
5:13 Loom
9:59 Feudal Age
10:01 Man-at-Arms
10:39 Double-Bit Axe
12:14 Arson
13:42 Horse Collar
20:22 Castle Age
19:52 Bloodlines
20:31 Gold Mining
23:48 Bow Saw
24:29 Wheelbarrow
23:39 Town Watch
25:34 Husbandry
25:41 Scale Barding Armor
27:55 Hand Cart
28:54 Chain Barding Armor
30:14 Heavy Plow
31:42 Vendel Legacy
33:05 Forging
36:51 Imperial Age
37:03 Iron Casting
36:59 Stone Mining
39:34 Conscription
39:10 Elite Varangian Guard
39:50 Squires
39:36 Gambesons
40:03 Town Patrol
40:42 Plate Barding Armor
39:50 Pikeman
43:03 Cavalier
43:03 Light Cavalry
48:43 Hussar
49:05 Halberdier
50:39 Scale Mail Armor
51:40 Blast Furnace
51:48 Gothikon
CHACAL
8:25 Horse Collar
12:09 Feudal Age
10:59 Double-Bit Axe
14:04 Heavy Plow
14:30 Bow Saw
16:06 Wheelbarrow
23:00 Hand Cart
39:42 Castle Age
47:44 Cavalier
48:25 Husbandry
48:04 Cavalier
PAOSQLS | Dmitri Quetzalcoatl
10:33 Feudal Age
20:44 Castle Age
27:55 Stone Mining
29:16 Double-Bit Axe
32:01 Husbandry
32:09 Scale Barding Armor
35:31 Chain Barding Armor
35:28 Bloodlines
36:01 Horse Collar
36:58 Wheelbarrow
36:55 Murder Holes
38:41 Corvinian Army
39:41 Gold Mining
45:29 Loom
PAOSQLS | El Cuyei
6:20 Loom
10:08 Feudal Age
14:23 Bloodlines
20:48 Castle Age
21:30 Fletching
21:39 Double-Bit Axe
23:29 Scale Barding Armor
27:26 Bodkin Arrow
27:52 Chain Barding Armor
30:31 Horse Collar
32:10 Husbandry
39:11 Imperial Age
39:12 Forging
39:42 Heavy Plow
39:54 Bow Saw
40:03 Heavy Camel Rider
42:48 Gold Mining
46:32 Iron Casting
Connection lost

Rejoining the realm…

Still unreachable

The connection could not be restored.

Session expired

The server has moved on; the page needs a fresh start.